Map: Coda LE (Void)

Players

ViBE

  • Race: Zerg Zerg

GimliTerran (iaguz) - Winner!

  • Race: Terran Terran

VOD

Have the link to the VOD?

Description

Time

  • Played on: April 28, 2015, 9:32 p.m.
  • Length: 13:33
Show
View Real Time Build Order
Export as new Build Order

ViBE Zerg 

Build Orders: 2 Base Roach Zergling, Hatch First 

Get SALT Encoding   

  12  0:00  Drone  
  13  0:09  Drone  
  14  0:20  Overlord  
  14  0:27  Drone, Extractor  
  15  0:38  Drone x2  
  17  0:44  Drone  
  18  0:57  Hatchery  
  18  1:00  Drone  
  18  1:06  Drone  
  19  1:18  Spawning Pool  
  18  1:20  Drone  
  19  1:35  Overlord  
  19  1:44  Drone  
  20  1:56  Extractor  
  20  1:59  Drone x2  
  21  2:05  Queen  
  23  2:09  Queen  
  23  2:11  Zergling x2  
  23  2:12  Zergling x2  
  27  2:23  Overlord  
  27  2:25  Drone  
  28  2:32  Drone  
  29  2:37  Drone  
  30  2:48  Drone x2  
  30  2:50  Queen x2  
  35  2:58  Drone x2  
  37  3:04  Overlord  
  37  3:07  Drone  
  37  3:14  Spore Crawler  
  37  3:19  Metabolic Boost  
  35  3:31  Queen x2  
  38  3:35  Zergling x14  
  41  3:59  Zergling x12  
  45  4:08  Zergling x8  
  42  4:24  Overlord x2  
  39  4:39  Zergling x12  
  39  4:40  Zergling x12  
  51  4:49  Queen  
  53  4:53  Hatchery  
  53  4:58  Zergling x2  
  53  4:59  Zergling x2  
  42  5:24  Zergling x2  
  42  5:25  Zergling x18  
  43  5:39  Lair  
  43  5:56  Drone x4  
  47  6:03  Drone x9  
  56  6:10  Roach Warren, Queen  
  56  6:14  Extractor  
  54  6:24  Zergling x6  
  57  6:26  Zergling x2  
  57  6:28  Zergling x8  
  62  6:34  Zergling x8  
  62  6:35  Zergling x8  
  62  6:51  Overlord x3  
  62  6:57  Roach  
  62  6:58  Roach x2  
  66  7:14  Roach x10  
  79  7:26  Zergling x14  
  85  7:37  Zergling x4  
  81  7:58  Zergling x2  
  81  7:59  Zergling x32  
  81  8:02  Overlord  
  87  8:28  Zergling x16  
  78  8:38  Ravager x2  
  78  8:39  Ravager  
  78  8:41  Zergling x26  
  65  9:10  Glial Reconstitution  
  65  9:11  Burrow  
  55  9:29  Roach  
  55  9:30  Roach x16  
  80  9:44  Roach x3  
  88  9:45  Roach  
  88  9:47  Drone  
  88  9:48  Drone x2  
  88  9:51  Extractor  
  88  9:52  Extractor  
  89  9:53  Drone x3  
  89  9:56  Drone x3  
  91  10:16  Drone x6  
  91  10:17  Drone x2  
  85  10:28  Overlord x2  
  85  10:29  Overlord  
  85  10:33  Hatchery  
  85  10:35  Hydralisk Den  
  83  10:43  Roach x12  
  83  10:53  Roach x9  
  83  10:55  Lurker Den  
  101  11:11  Drone x3  
  103  11:12  Extractor  
  103  11:16  Roach x12  
  103  11:18  Evolution Chamber x2  
  101  11:21  Roach x9  
  101  11:24  Roach x2  
  101  11:27  Roach  
  101  11:28  Roach x8  
  113  11:47  Roach x8  
  111  11:48  Roach x7  
  113  11:56  Roach x4  
  121  12:03  Roach x7  
  117  12:13  Roach x4  
  119  12:29  Hydralisk x4  
  119  12:33  Overseer  
  127  12:51  Overlord x6  
  127  12:56  Lurker  
  127  12:57  Lurker  
  127  13:03  Overseer  
  119  13:07  Overlord x2  
  119  13:08  Overlord  
  119  13:12  Roach x5  
Show
View Real Time Build Order
Export as new Build Order

GimliTerran Terran - Winner!

Build Orders:  

Get SALT Encoding   

  12  0:00  SCV  
  13  0:13  SCV  
  14  0:17  Supply Depot  
  14  0:25  SCV  
  15  0:39  SCV  
  15  0:41  Barracks  
  16  0:45  Refinery  
  16  0:51  SCV  
  17  1:00  Barracks  
  17  1:03  SCV  
  18  1:15  SCV  
  19  1:22  Barracks  
  19  1:28  Reaper  
  20  1:37  Orbital Command  
  20  1:46  Supply Depot  
  20  1:48  Reaper  
  21  1:56  Refinery  
  21  2:02  SCV  
  21  2:04  Reaper  
  23  2:14  SCV  
  24  2:18  Barracks  
  24  2:21  Reaper  
  25  2:32  Reaper  
  26  2:40  Barracks  
  26  2:44  Reaper  
  26  2:48  SCV  
  28  2:53  Barracks  
  28  2:54  Reaper  
  29  3:01  Supply Depot  
  29  3:03  SCV  
  30  3:06  Reaper  
  31  3:22  Reaper x2  
  33  3:29  Reaper  
  33  3:37  SCV  
  33  3:38  Reaper  
  35  3:49  SCV  
  35  3:51  Reaper  
  36  4:01  SCV  
  37  4:03  Reaper  
  37  4:08  Reaper  
  39  4:19  Command Center  
  39  4:21  Supply Depot  
  39  4:22  SCV, Reaper  
  41  4:25  Reaper  
  39  4:34  Reaper  
  40  4:41  SCV  
  40  4:42  Supply Depot  
  40  4:44  Reaper  
  42  4:49  Reaper  
  42  4:52  Command Center  
  43  4:59  Reaper  
  43  5:01  SCV  
  44  5:12  Reaper  
  42  5:21  Reaper  
  38  5:26  Reaper  
  38  5:28  SCV  
  39  5:34  Orbital Command  
  39  5:36  Refinery  
  39  5:37  Reaper  
  41  5:42  SCV  
  41  5:44  Reaper, Refinery  
  42  5:53  Engineering Bay  
  42  5:55  SCV  
  43  5:58  Reaper  
  43  6:00  SCV  
  45  6:06  Barracks  
  45  6:07  SCV  
  45  6:09  Reaper x2  
  48  6:15  Reaper  
  48  6:18  Barracks  
  49  6:19  Reaper  
  49  6:20  SCV  
  49  6:22  SCV x2  
  53  6:26  Reaper  
  54  6:34  Reaper  
  55  6:41  Reaper x2  
  52  6:47  Reaper  
  52  6:50  Orbital Command  
  52  6:51  SCV x2, Reaper  
  56  6:57  Barracks  
  56  6:58  Reaper  
  56  7:00  Terran Infantry Weapons Level 1  
  57  7:03  SCV x2  
  57  7:05  Barracks  
  52  7:09  Reaper  
  52  7:15  Reaper x2  
  55  7:22  Reaper  
  53  7:25  Reaper  
  53  7:27  SCV  
  53  7:28  SCV x2  
  57  7:30  Barracks Tech Lab  
  57  7:31  Marine  
  57  7:34  Marine  
  59  7:41  SCV x3, Marine  
  61  7:47  Marine x2  
  61  7:48  Marine  
  64  7:52  Reaper  
  64  7:53  SCV x2  
  64  7:54  Reaper  
  64  7:57  Reaper, Marine  
  64  7:58  Marauder, Marine x2  
  73  8:05  Marine x2  
  75  8:06  Supply Depot, Marine  
  75  8:07  Supply Depot  
  76  8:15  Marine x2  
  76  8:16  Marine  
  76  8:19  Marine  
  78  8:22  Marine  
  78  8:23  Marine  
  78  8:24  Marine x2  
  78  8:25  Marine  
  75  8:29  Marine  
  75  8:32  SCV  
  75  8:33  Marine x2  
  70  8:34  Reaper  
  70  8:37  Marine  
  70  8:40  Marine  
  65  8:42  Marine x2  
  65  8:43  Marine  
  65  8:46  Factory  
  66  8:50  Barracks Tech Lab x2  
  66  8:51  Marine x2  
  66  8:52  SCV x2  
  66  8:54  Marine  
  69  8:56  SCV  
  69  8:58  Marine  
  69  9:00  Terran Infantry Armor Level 1, Marine x2  
  69  9:01  Marine  
  73  9:04  SCV x2  
  73  9:06  Marine  
  70  9:11  SCV  
  70  9:14  Marine  
  70  9:17  Marine  
  70  9:21  Marine  
  70  9:23  Marine x2  
  70  9:24  Marine x4  
  66  9:25  Marine  
  66  9:26  SCV x2  
  66  9:28  Combat Shields, Stimpack  
  68  9:32  Factory Reactor, Marine  
  68  9:35  Starport, Marine  
  69  9:39  Marine  
  69  9:40  SCV, Marine  
  69  9:41  Marine x2  
  69  9:42  Marine x4  
  79  9:49  Marine  
  79  9:52  Orbital Command  
  79  9:53  Marine  
  79  9:57  Marine  
  79  9:58  Marine x2  
  79  9:59  Armory, Marine x2  
  84  10:00  Marine x3  
  87  10:07  Marine  
  87  10:11  Marine  
  88  10:14  Marine  
  88  10:16  Marine x2  
  88  10:17  SCV, Marine x3  
  88  10:18  Marine x2  
  90  10:24  Factory Reactor  
  90  10:25  Marine  
  86  10:28  Marine  
  86  10:32  Missile Turret, Marine  
  86  10:34  Medivac x2, Marine x2  
  86  10:35  Marine x3  
  90  10:36  Marine x2  
  93  10:43  Marine  
  93  10:46  Marine  
  93  10:48  SCV x3  
  90  10:50  Marine  
  90  10:52  Marine x2  
  90  10:53  Marine x3  
  90  10:54  Marine x2  
  96  11:00  SCV, Missile Turret  
  96  11:01  Marine  
  98  11:09  Medivac x2  
  98  11:10  Widow Mine x2  
  106  11:15  Terran Infantry Weapons Level 2  
  106  11:16  SCV  
  107  11:24  Marine x2  
  109  11:25  Bunker  
  109  11:35  Supply Depot  
  109  11:36  Marine  
  109  11:37  Supply Depot, Marine  
  109  11:38  Marine  
  108  11:45  Marine x2  
  100  11:48  Marine x5  
  100  11:49  Widow Mine, Medivac x2  
  107  11:54  Marine x2  
  107  11:57  Marine  
  107  11:58  Supply Depot  
  110  12:03  Supply Depot, Marine x2  
  110  12:05  Marine  
  110  12:06  Marine  
  116  12:12  Marine  
  116  12:13  Marine  
  118  12:21  Marine x3  
  116  12:23  Marine x2  
  116  12:24  Widow Mine  
  116  12:25  Widow Mine  
  116  12:26  Medivac x2  
  121  12:32  Marine  
  121  12:33  Marauder  
  121  12:36  Marauder  
  126  12:41  Marine x3  
  129  12:49  Engineering Bay  
  125  13:00  Marine  
  125  13:01  Marauder, Marine x4  
  129  13:06  Marauder, Marine  
  129  13:09  Marine  
  127  13:13  Marine  
Tags
 
Add a new tag
Caveats
  • Supply blocks, unpowered buildings, or Contaminate may cause inaccurate times.
  • Supply counts are checked every 10 seconds.